 Dungeon Crawl Stone Soup version 0.31-a0-977-gc230f8ef24 (webtiles) character file.

Game seed: 2927298303926404854

677 Drevant2 the Conjurer (level 7, 50/50 HPs)
             Began as a Demigod Earth Elementalist on Oct 29, 2023.
             Got out of the dungeon alive.
             The game lasted 00:18:15 (6054 turns).

Drevant2 the Conjurer (Demigod Earth Elementalist)  Turns: 6054, Time: 00:18:16

Health: 50/50      AC:  2    Str: 15    XL:     7   Next: 11%
Magic:  12/12      EV: 12    Int: 25    God:
Gold:   242        SH:  0    Dex: 14    Spells: 5/9 levels left

rFire   . . .        m - +0 falchion
rCold   . . .        (no shield)
rNeg    . . .        a - +0 robe
rPois   .            (no helmet)
rElec   .            f - scarf {+Inv}
rCorr   .            (no gloves)
SInv    +            (no boots)
Will    .....        (no amulet)
Stlth   ++           p - ring of see invisible
HPRegen 0.28/turn    t - +6 ring of strength
MPRegen 0.13/turn

%: no passive effects
@: no status effects
A: high MP 1, forlorn, divine attributes
a: Evoke Invisibility


You escaped.
You visited 1 branch of the dungeon, and saw 5 of its levels.

You collected 242 gold pieces.

Inventory:

Hand Weapons
 h - a +1 dagger
 m - a +0 falchion (weapon)
Armour
 a - a +0 robe (worn)
 f - a scarf of invisibility (worn)
Jewellery
 e - a ring of fire
 g - a ring of flight
 p - a ring of see invisible (left hand)
 t - a +6 ring of strength (right hand)
Talismans
 i - a beast talisman
Wands
 k - a wand of polymorph (10)
 n - a wand of acid (5)
Scrolls
 c - a scroll of silence {unknown}
 d - 3 scrolls of identify
Potions
 b - a potion of magic
 j - a potion of berserk rage


   Skills:
 - Level 1.8 Dodging
 - Level 1.8 Stealth
 - Level 1.7 Spellcasting
 * Level 5.8 Conjurations
 - Level 0.9 Transmutations
 - Level 5.0 Earth Magic


You had 5 spell levels left.
You knew the following spells:

 Your Spells              Type           Power      Damage    Failure   Level
a - Sandblast             Erth           54%        2d13      1%          1
b - Stone Arrow           Conj/Erth      58%        3d10      3%          3

Your spell library contained the following spells:

 Spells                   Type           Power      Damage    Failure   Level
 Passwall                 Tmut/Erth      14%        N/A       5%          2
 Brom's Barrelling Bould  Conj/Erth      29%        2d5       12%         4
 Inner Flame              Hex/Fire       2%         N/A       34%         3
 Flame Wave               Conj/Fire      16%        2d7       34%         4
 Petrify                  Tmut/Erth      17%        N/A       34%         4
 Sticky Flame             Conj/Fire      16%        2d4       34%         4
 Anguish                  Hex/Necr       1%         N/A       75%         4
 Simulacrum               Ice/Necr       1%         N/A       100%        6


Dungeon Overview and Level Annotations

Branches:
Dungeon (5/15)             Temple (0/1) D:5

Annotations:
D:2 1 runed translucent door, Crazy Yiuf
D:4 3 runed translucent doors, dertzug's ghost, amateur OpSh


Innate Abilities, Weirdness & Mutations

You have an increased reservoir of magic. (+10% MP)
You shall have no god before yourself.
Your divine heritage dramatically boosts your attributes as you level up.


Message History

Aim: an orc, wielding a +0 hand axe and carrying a wand of polymorph (71% to hit)
The stone arrow hits the orc!!
You kill the orc!
k - a wand of polymorph (10)
You see here a +0 hand axe.
You now have 242 gold pieces (gained 9).
Found an ornate altar of the Wu Jian Council.
You see here an adder skeleton.
There is a stone staircase leading up here.
There is a stone staircase leading up here.
Done exploring.
Done exploring.
Done exploring.
Done exploring.
Done exploring.
Done exploring.
Welcome back, Drevant2 the Demigod Earth Elementalist.
Press ? for a list of commands and other information.
Unknown command.
Unknown command.
Unknown command.
There is a stone staircase leading down here.
There is a stone staircase leading up here.
You climb upwards.
Level annotation: 3 runed translucent doors, dertzug's ghost, amateur OpSh
There is a stone staircase leading down here.
There is a stone staircase leading up here.
You climb upwards.
There is a stone staircase leading down here.
There is a stone staircase leading up here.
You climb upwards.
Level annotation: 1 runed translucent door, Crazy Yiuf
There is a stone staircase leading down here.
There is a stone staircase leading up here.
You climb upwards.
There is a stone staircase leading down here.
There is a stone staircase leading down here.
There is a staircase leading out of the dungeon here.
You can't go down here!
You have escaped!

#.# #.#.#...##..# #.# #
#.#
#.#.#......#########.# #
#.#
#.#.#................###
# #.#
#.#.#..##.##..#####....#
# #.# #.#.#...#.#.#.##
#....# #
#.####.#.#..#.#.#.#.#
#....# #
#......#.....#.#.#.##
#....# #
###########.#.#.#.#.#
#....# # #..#.#@#.##
#....##### #.#.#.#.#.#
#......... #..#.#.#.##
#......... #.#.#.#.#.#
#......... #...#######
###....... ###.##
######## #..## # ##..##
# ##..########### #


There were no monsters in sight!

Vanquished Creatures
  A centaur (D:5)
  2 scorpions
  A hound (D:3)
  3 orc priests
  A jelly (D:5)
  2 iguanas (D:5)
  4 orc wizards
  8 adders
  17 orcs
  7 ball pythons
  8 endoplasms
  3 giant cockroaches
  5 goblins
  7 hobgoblins
  5 jackals
  8 kobolds
  5 quokkas
  9 bats
  3 frilled lizards (D:2)
  4 rats
103 creatures vanquished.

Notes
Turn   | Place    | Note
-------+----------+-------------------------------------------
     0 | D:1      | Drevant2 the Demigod Earth Elementalist began the quest for
                  | the Orb.
     0 | D:1      | Reached XP level 1. HP: 14/14 MP: 5/5
   132 | D:1      | Got Disin's Spellbook of Bones
   290 | D:1      | Reached XP level 2. HP: 20/20 MP: 5/7
   975 | D:2      | Reached XP level 3. HP: 13/26 MP: 3/8
  1393 | D:2      | Found a runed translucent door.
  1394 | D:2      | Noticed Crazy Yiuf
  1746 | D:2      | Reached XP level 4. HP: 33/33 MP: 7/9
  2431 | D:2      | Learned a level 3 spell: Stone Arrow
  3068 | D:3      | Reached skill level 5 in Earth Magic
  3132 | D:3      | Reached skill level 1 in Conjurations
  3154 | D:3      | Reached XP level 5. HP: 38/38 MP: 6/10
  3328 | D:3      | You fall into a shaft and drop 2 floors!
  3328 | D:5      | Entered Level 5 of the Dungeon
  3359 | D:5      | Found a staircase to the Ecumenical Temple.
  3398 | D:5      | Noticed a centaur
  3416 | D:5      | Killed a centaur
  3569 | D:5      | Reached XP level 6. HP: 43/45 MP: 9/11
  3772 | D:4      | Found a runed translucent gate.
  3772 | D:4      | Found a runed translucent gate.
  4573 | D:4      | Reached skill level 5 in Conjurations
  4917 | D:4      | Found a runed translucent gate.
  4918 | D:4      | Noticed dertzug's ghost (amateur OpSh)
  4920 | D:4      | Identified the +0 scale mail of Card Tricks {rN+}
  4996 | D:4      | Identified the +9 dagger of the Bespelling Gods {freeze,
                  | Fly Str+2 Stlth-}
  5576 | D:5      | Reached XP level 7. HP: 50/50 MP: 3/12
  6054 | D:$      | Got out of the dungeon alive.

Illustrated notes

Levels and vault maps discovered:
D:1:      lightli_arrival_chessboard, layout_basic
D:2:      minmay_angry_zag, layout_basic, hellmonk_ecumenical_altar_crossroads,
          kennysheep_nub, serial_bayou_lake_a, uniq_crazy_yiuf_cottage
D:3:      layout_rooms, mainiacjoe_overflow_surrounded_room,
          kennysheep_generic_room_2
D:4:      layout_basic, biasface_ghost_orc_armoury, chequers_garden
D:5:      layout_rooms, mainiacjoe_overflow_boulevard, temple_pool_b,
          hangedman_decor_clover_reticule

Skill      XL: |  1  2  3  4  5  6 |
---------------+-------------------+-----
Earth Magic    | 3 4 5 |  5.0
Conjurations   | 2 3 5 |  5.8
Dodging        | |  1.8
Stealth        | |  1.8
Spellcasting   | |  1.7
Transmutations | |  0.9

Action                     |  1- 3 |  4- 6 |  7- 9 || total
---------------------------+-------+-------+-------++-------
  Melee: Unarmed           |     1 |       |       ||     1
         Dagger            |    28 |    16 |       ||    44
         Falchion          |       |    53 |     6 ||    59
   Cast: Sandblast         |    53 |    64 |     3 ||   120
         Stone Arrow       |       |    11 |     4 ||    15
  Evoke: Wand              |       |     2 |       ||     2
    Use: Scroll            |       |     9 |       ||     9
         Potion            |       |     3 |       ||     3
   Stab: Sleeping          |       |     2 |       ||     2
 Armour: Robe              |    41 |    70 |     5 ||   116
  Dodge: Dodged            |    50 |    71 |     4 ||   125
         Form:             |     1 |       |       ||     1
         Beast             |     1 |       |       ||     1

Table legend: (Time is in decaauts)
 A = Elapsed time spent in this place.
 B = Non-inter-level travel time spent in this place.
 C = Inter-level travel time spent in this place.
 D = Time resting spent in this place.
 E = Time spent auto-exploring this place.
 F = Levels seen in this place.
 G = Mean time per level.
                   A        B        C        D        E       F      G
               +--------+--------+--------+--------+--------+-----+--------+
         Total |   6176 |   5403 |    773 |   1790 |   2588 |   5 | 1235.2 |
       Dungeon |   6176 |   5403 |    773 |   1790 |   2588 |   5 | 1235.2 |
               +--------+--------+--------+--------+--------+-----+--------+

Top non-repeatable levels by time:
     D:2: 1930 daAuts
     D:4: 1548 daAuts
     D:1: 1010 daAuts
     D:5: 934 daAuts
     D:3: 752 daAuts
